 Dungeon Crawl Stone Soup version 0.20-a0-960-ge493e74 (webtiles) character file.

3986 MrRokkomies the Fighter (level 10, -6/66 HPs)
             Began as a Kobold Hunter on Apr 5, 2017.
             Was a Follower of Wu Jian.
             Mangled by a warg (12 damage)
             ... on level 8 of the Dungeon on Apr 7, 2017.
             The game lasted 00:25:52 (9347 turns).

MrRokkomies the Fighter (Kobold Hunter)             Turns: 9347, Time: 00:25:53

Health: -6/66      AC: 12    Str: 12 (13) XL:     10   Next: 46%
Magic:  10/10      EV:  9    Int: 11 (13) God:    Wu Jian [*.....]
Gold:   301        SH:  0    Dex: 12 (15) Spells: 9/9 levels left

rFire    . . .     SeeInvis .   a - +2 hand crossbow
rCold    . . .     Gourm    .   (shield restricted)
rNeg     . . .     Faith    .   i - +1 chain mail {rPois}
rPois    +         Spirit   .   (no helmet)
rElec    .         Reflect  .   w - +0 cloak (curse)
rCorr    .         Harm     .   (no gloves)
MR       .....                  (no boots)
Stlth    ..........             (no amulet)
Regen    0.3/turn               (no ring)
MPRegen  0.2/turn               (no ring)

@: no status effects
A: carnivore 3
a: Renounce Religion


You were on level 8 of the Dungeon.
You worshipped Wu Jian.
Wu Jian was aware of your devotion.
You were not hungry.

You visited 2 branches of the dungeon, and saw 9 of its levels.

You collected 301 gold pieces.

Inventory:

Hand Weapons
 a - a +2 hand crossbow (weapon)
 b - a +4 dagger of draining
 c - a +2 whip of electrocution
 o - a +5 scimitar
 v - a +0 falchion of flaming
 B - a +0 blowgun
Missiles
 d - 20 bolts (quivered)
 A - 15 poisoned needles
Armour
 i - a +1 chain mail of poison resistance (worn)
 w - a cursed +0 cloak (worn)
Wands
 m - a wand of disintegration (23/24)
 u - a wand of enslavement (7/24)
Scrolls
 e - 2 scrolls of enchant weapon
 p - 2 scrolls of remove curse
 r - a scroll of identify
 y - a scroll of enchant armour
Potions
 h - a potion of mutation
 k - 8 potions of curing
 l - a potion of haste {unknown}
 n - 2 potions of degeneration
 s - a potion of heal wounds {unknown}
 t - a potion of resistance {unknown}
Books
 z - a book of Necromancy

   Spells                             Type                      Level
   a - Pain                           Necromancy                   1
   b - Animate Skeleton               Necromancy                   1
   c - Vampiric Draining              Necromancy                   3
   d - Regeneration                   Charms/Necromancy            3
   e - Animate Dead                   Necromancy                   4
   f - Control Undead                 Necromancy                   4
 C - a book of Transfigurations

   Spells                             Type                      Level
   a - Irradiate                      Conjuration/Transmutation    5
   b - Statue Form                    Transmutation/Earth          6
   c - Hydra Form                     Transmutation                6
   d - Dragon Form                    Transmutation                7
Comestibles
 f - 4 meat rations
 q - 3 royal jellies


   Skills:
 - Level 9.2 Fighting
 * Level 5.5 Maces & Flails
 - Level 8.2 Crossbows
 * Level 7.1 Armour
 - Level 2.4 Dodging
 - Level 1.3 Stealth


You had 9 spell levels left.
You didn't know any spells.

Dungeon Overview and Level Annotations

Branches:
Dungeon (8/15)             Temple (1/1) D:7
   Lair: D:8-11

Altars:
Ashenzari
Cheibriados
Fedhas
Gozag
Hepliaklqana
Kikubaaqudgha
Nemelex Xobeh
Ru
Sif Muna
Wu Jian
Yredelemnul
Zin
The Shining One

Shops:
D:5 *   D:6 =   D:8 (

Annotations:
D:4 luab's ghost, novice GrFi
D:7 1 runed door
D:8 Rrauwl's ghost, novice BaIE


Innate Abilities, Weirdness & Mutations

You are small and have problems with some larger weapons.
You are carnivorous and can eat meat at any time.


Message History

Evoking this partially-identified wand wasted a few charges.
The warg bites you.
* * * LOW HITPOINT WARNING * * *
Evoke which item? (* to show all) (? for menu, Esc to quit)
Aiming: Enslavement (will waste charges)
Press: ? - help, Shift-Dir - straight line, f/p - warg
Aim: a warg (moderately wounded, chance to defeat MR: 28%)
The warg easily resists.
Evoking this partially-identified wand wasted a few charges.
The warg bites you!
* * * LOW HITPOINT WARNING * * *
The warg closely misses you.
Evoke which item? (* to show all) (? for menu, Esc to quit)
Aiming: Enslavement (will waste charges)
Press: ? - help, Shift-Dir - straight line, f/p - warg
Aim: a warg (moderately wounded, chance to defeat MR: 28%)
The warg easily resists.
Evoking this partially-identified wand wasted a few charges.
The warg bites you!
You die...

# ...# # #...# ####### # #...##
##.....##### #....## ######
#........... #.....###...@###
###########. #####...........h#.#
########. .................#.#
#......'.
.................#.######.######.
................(......##.#......
....#..\...............##.#......
....###....####........##.######.
...........#####(#.##.....# ###.
....###....#.......##.....# #...


You could see a warg.

Vanquished Creatures
  A two-headed ogre (D:8)
  A hornet (D:8)
  Grinder (D:3)
  A hungry ghost (D:8)
  Menkaure (D:5)
  2 orc warriors (D:6)
  3 sky beasts
  A black bear (D:7)
  An ice beast (D:6)
  3 centaurs (D:6)
  2 phantoms
  A big kobold (D:8)
  6 bullfrogs
  A scorpion (D:8)
  3 wights (D:6)
  A howler monkey (D:5)
  3 crimson imps
  Crazy Yiuf (D:5)
  4 jellies
  5 orc wizards
  2 orc priests
  A gnoll shaman (D:7)
  Jessica (D:3)
  An iguana (D:5)
  8 worker ants
  A killer bee zombie (D:6)
  2 worker ant zombies
  4 adders
  11 gnolls
  A shadow imp (D:6)
  2 adder skeletons
  An adder zombie (D:5)
  A worm (D:3)
  2 dart slugs
  3 leopard geckos
  27 orcs
  8 bats
  5 giant cockroaches
  8 goblins
  5 hobgoblins
  12 jackals
  11 kobolds
  5 quokkas
  5 frilled lizards
  7 rats
176 creatures vanquished.

Notes
Turn   | Place    | Note
-------+----------+-------------------------------------------
     0 | D:1      | MrRokkomies the Kobold Hunter began the quest for the Orb.
     0 | D:1      | Reached XP level 1. HP: 12/12 MP: 1/1
    39 | D:1      | Reached skill level 5 in Crossbows
   238 | D:1      | Reached XP level 2. HP: 17/18 MP: 2/2
   933 | D:1      | Reached XP level 3. HP: 16/22 MP: 3/3
  1136 | D:2      | Reached skill level 3 in Fighting
  1176 | D:2      | Found a sparkling altar of Nemelex Xobeh.
  1181 | D:2      | Found an opulent altar of Gozag.
  1385 | D:2      | Reached XP level 4. HP: 22/28 MP: 4/4
  1997 | D:3      | Noticed Grinder
  1997 | D:3      | Paralysed by Grinder for 4 turns
  2008 | D:3      | Paralysed by Grinder for 7 turns
  2036 | D:3      | Paralysed by Grinder for 3 turns
  2048 | D:3      | Paralysed by Grinder for 3 turns
  2060 | D:3      | Killed Grinder
  2060 | D:3      | Reached skill level 5 in Fighting
  2060 | D:3      | Reached XP level 5. HP: 9/35 MP: 5/5
  2060 | D:3      | Reached XP level 6. HP: 10/40 MP: 6/6
  2420 | D:3      | Found a sacrificial altar of Ru.
  3072 | D:3      | Noticed Jessica
  3080 | D:3      | Killed Jessica
  3273 | D:4      | Noticed luab's ghost (novice GrFi)
  3351 | D:4      | Noticed a phantom
  3390 | D:4      | Killed a phantom
  3390 | D:4      | Reached XP level 7. HP: 16/44 MP: 7/7
  3661 | D:5      | Entered Level 5 of the Dungeon
  4129 | D:5      | Reached skill level 6 in Fighting
  4175 | D:5      | Found Nausm's General Store.
  4594 | D:5      | Reached skill level 1 in Armour
  4641 | D:5      | Reached skill level 1 in Maces & Flails
  4689 | D:5      | Reached XP level 8. HP: 13/51 MP: 8/8
  5008 | D:5      | Found a runed door.
  5012 | D:5      | Noticed Crazy Yiuf
  5021 | D:5      | Killed Crazy Yiuf
  5269 | D:5      | Noticed Menkaure
  5275 | D:5      | Killed Menkaure
  5275 | D:5      | Reached skill level 7 in Fighting
  5879 | D:6      | Reached skill level 8 in Fighting
  5879 | D:6      | Reached XP level 9. HP: 30/59 MP: 9/9
  6069 | D:6      | Found Bixkui's Jewellery Emporium.
  6208 | D:6      | Found a snail-covered altar of Cheibriados.
  6222 | D:6      | Upgraded the game from 0.20-a0-957-g47ad1fd to 0.20-a0-960-ge493e74
  6694 | D:6      | Reached skill level 9 in Fighting
  6694 | D:6      | Reached skill level 5 in Armour
  7158 | D:7      | Found a runed door.
  7158 | D:7      | Noticed a sixfirhy
  7605 | D:7      | Found a staircase to the Ecumenical Temple.
  7611 | Temple   | Entered the Ecumenical Temple
  7652 | Temple   | Became a worshipper of the Wu Jian Council
  8523 | D:8      | Noticed a hornet
  8535 | D:8      | Killed a hornet
  8535 | D:8      | Reached XP level 10. HP: 49/66 MP: 10/10
  8633 | D:8      | Found Xegorghi's Antique Weapon Shoppe.
  9061 | D:8      | Noticed Rrauwl's ghost (novice BaIE)
  9089 | D:8      | Noticed a two-headed ogre
  9101 | D:8      | Killed a two-headed ogre
  9101 | D:8      | Reached skill level 5 in Maces & Flails
  9306 | D:8      | Reached * piety under Wu Jian
  9347 | D:8      | Mangled by a warg

Vault maps used:
D:1:      lightli_arrival_statue_moat
D:2:      lemuel_crystal_altar, nicolae_gozag_seed_capital
D:3:      overflow_temple_1_default, uniq_jessica, uniq_grinder
D:4:      first_bread
D:5:      serial_shops, nicolae_shop_competitors_out_of_business,
          minmay_misc_feat_columns, dk_vineyard_3, hangedman_minor_gate_pass,
          uniq_menkaure, uniq_crazy_yiuf_cottage
D:6:      serial_shops, shop, kennysheep_slug_shrine
D:7:      cheibrodos_shockbox, minmay_temple_entry_fiery
D:8:      amethyst_overflow_temple_binary, erik_lair_orcish_takeover,
          serial_shops, shop, uniq_grum, uniq_psyche
Temple:   regret_index_temple_sphere_string

Skill      XL: |  1  2  3  4  5  6  7  8  9 10 |
---------------+-------------------------------+-----
Crossbows      | 5 7 8 |  8.2
Fighting       | 3 5 6 8 9 |  9.2
Armour         | 1 3 5 7 |  7.1
Maces & Flails | 1 3 5 |  5.5
Dodging        | |  2.4
Stealth        | |  1.3

Action                   |  1- 3 |  4- 6 |  7- 9 | 10-12 || total
-------------------------+-------+-------+-------+-------++-------
Melee: Short sword       |   130 |   229 |    82 |       ||   441
       Morningstar       |       |       |    79 |       ||    79
       Dagger            |       |       |   172 |    17 ||   189
       Whip              |       |       |   118 |    61 ||   179
       Scimitar          |       |       |    18 |       ||    18
 Fire: Hand crossbow     |    11 |    31 |    69 |     9 ||   120
Throw: Throwing net      |       |     2 |     3 |       ||     5
Evoke: Wand              |       |       |       |     5 ||     5
  Use: Scroll            |     4 |     1 |     7 |     3 ||    15
       Potion            |       |     1 |       |     2 ||     3
 Stab: Held in net/web   |       |       |     4 |       ||     4
  Eat: Chunk             |     3 |     5 |    20 |     3 ||    31
Armor: Leather armour    |    14 |       |       |       ||    14
       Chain mail        |    48 |   151 |   341 |    43 ||   583
       Skin              |       |    16 |       |       ||    16
Dodge: Dodged            |    85 |   108 |   283 |    52 ||   528
       Rpst.: Scimitar   |       |       |     6 |       ||     6
